 Seeded DCSS version 0.30.1-11-g7821555f0a (webtiles) character file.

Game seed: 5129858224507802926 (custom seed)

2534 Psyclone the Destroyer (level 9, 0/54 HPs)
             Began as a Deep Elf Conjurer on Nov 7, 2023.
             Slain by Maggie
             ... wielding a +2 war axe of flaming
              (2 damage)
             ... on level 6 of the Dungeon.
             The game lasted 00:24:53 (7319 turns).

Psyclone the Destroyer (Deep Elf Conjurer)          Turns: 7319, Time: 00:24:54

Health: 0/54       AC:  5    Str:  4    XL:     9   Next: 30%
Magic:  11/22      EV: 11    Int: 28    God:
Gold:   122        SH:  0    Dex: 13    Spells: 12/23 levels left

rFire   . . .        k - +0 dagger
rCold   . . .        (no shield)
rNeg    . . .        n - +0 troll leather armour
rPois   .            (no helmet)
rElec   .            (no cloak)
rCorr   .            (no gloves)
SInv    .            m - +0 pair of boots
Will    .....        (no amulet)
Stlth   ++           (no ring)
HPRegen 1.09/turn    (no ring)
MPRegen 0.18/turn

%: no passive effects
@: mesmerised
A: no striking features
a: no special abilities


You were on level 6 of the Dungeon.
You visited 1 branch of the dungeon, and saw 6 of its levels.

You collected 425 gold pieces.
You spent 303 gold pieces at shops.

Inventory:

Hand Weapons
 k - a +0 dagger (weapon)
 o - a +0 whip of electrocution
Armour
 a - a +0 robe of willpower
 m - a +0 pair of boots (worn)
 n - a +0 troll leather armour (worn)
Scrolls
 c - 2 scrolls of vulnerability {unknown}
 e - 5 scrolls of fear {unknown}
 h - 2 scrolls of amnesia {unknown}
 i - 2 scrolls of identify {@r1}
 l - a scroll of magic mapping {unknown}
 q - a scroll of noise
Potions
 b - a potion of magic
 d - 2 potions of curing {unknown}
 f - a potion of might {unknown}
 g - 4 potions of mutation {unknown}
 j - 2 potions of flight {unknown}
 p - a potion of heal wounds


   Skills:
 + Level 5.2 Fighting
 - Level 2.4 Dodging
 - Level 2.4 Stealth
 - Level 7.9 Spellcasting
 - Level 9.8 Conjurations
 - Level 6.0 Hexes


You had 12 spell levels left.
You knew the following spells:

 Your Spells              Type           Power      Damage    Failure   Level
a - Magic Dart            Conj           100%       1d8       1%          1
b - Searing Ray           Conj           100%       2d8       1%          2
d - Fulminant Prism       Conj/Hex       26%        3d14      3%          4
e - Iskenderun's Mystic   Conj/Tloc      38%        2d9       12%         4

Your spell library contained the following spells:

 Spells                   Type           Power      Damage    Failure   Level
 Dazzling Flash           Conj/Hex       100%       N/A       1%          3


Dungeon Overview and Level Annotations

Branches:
Dungeon (6/15) Zot: 26452  Temple (0/1) D:4

Altars:
Cheibriados
Elyvilon

Shops:
D:1 [   D:2 =![(

Annotations:
D:5 5 runed translucent doors
D:6 Maggie


Message History

Confirm with . or Enter, or press ? or * to list all spells.
Aiming: Searing Ray (safe; 1% risk of failure)
Press: ? - help, Shift-Dir - straight line, f/p - Maggie
Aim: Maggie, wielding a +2 war axe of flaming and wearing +0 steam dragon scales (heavily wounded, 83% to hit)
The searing ray misses Maggie. (Press . to maintain the ray.) Maggie mumbles some strange words.
Maggie attempts to bespell you!
You are mesmerised by Maggie!
You now have 16/22 mp.
The searing ray hits Maggie.
Maggie is severely wounded.
Maggie points at you and mumbles some strange words.
The bolt of fire misses you.
You regained 2 hp, and now have 24/54 hp.
You now have 15/22 mp.
The searing ray hits Maggie!
Maggie is severely wounded.
Maggie hits you with a +2 war axe of flaming!
* * * LOW HITPOINT WARNING * * *
Maggie burns you.
* * * LOW HITPOINT WARNING * * *
You take 12 damage, and have 12/54 hp.
MASSIVE DAMAGE!!
You now have 14/22 mp.
The searing ray hits Maggie.
Maggie is severely wounded.
You finish channelling your searing ray.
Maggie barely misses you.
You now have 13/22 mp.
Casting: Searing Ray (safe; 1% risk of failure)
Confirm with . or Enter, or press ? or * to list all spells.
Aiming: Searing Ray (safe; 1% risk of failure)
Press: ? - help, Shift-Dir - straight line, f/p - Maggie
Aim: Maggie, wielding a +2 war axe of flaming and wearing +0 steam dragon scales (severely wounded, mesmerising, 83% to hit)
The searing ray hits Maggie.
Maggie is almost dead. (Press . to maintain the ray.) Maggie hits you with a +2 war axe of flaming!
* * * LOW HITPOINT WARNING * * *
Maggie burns you.
You die...

.##>).^# ..# .##.#).#
.### .##....######## #.
.##.##.#..†...# #
.##.##.#.####.####
......)#.#.......#
###.####.#.##.##.####.#
###......# #.........#
...####### ####@######
##.# #......@# .#.#
######### .#.# .#.#
##.## #..# ##.# #.#


You could see Maggie (mesmerising).

Vanquished Creatures
  Pikel (D:6)
  A troll (D:5)
  Eustachio (D:4)
  2 water moccasins
  An ice beast (D:5)
  2 black bears (D:5)
  3 ogres (D:5)
  A centaur (D:5)
  2 lemures (D:6)
  4 scorpions (D:5)
  4 orc priests
  3 hounds (D:5)
  2 sleepcaps
  3 iguanas
  2 orc wizards
  8 gnolls
  9 adders
  2 ufetubi (D:5)
  A worm (D:2)
  2 dart slugs
  26 orcs
  9 ball pythons
  8 endoplasms
  2 giant cockroaches
  10 goblins
  7 hobgoblins
  4 quokkas
  5 bats
  6 frilled lizards
  3 kobolds
  4 rats
138 creatures vanquished.

Vanquished Creatures (others)
  2 fulminant prisms (D:5)
2 creatures vanquished.

Grand Total: 140 creatures vanquished

Notes
Turn   | Place    | Note
-------+----------+-------------------------------------------
     0 | D:1      | Psyclone the Deep Elf Conjurer began the quest for the Orb.
     0 | D:1      | Reached XP level 1. HP: 10/10 MP: 6/6
   209 | D:1      | Reached XP level 2. HP: 15/15 MP: 6/8
   351 | D:1      | Learned a level 2 spell: Searing Ray
   421 | D:1      | Found Qair's Armour Shoppe.
   430 | D:1      | Reached skill level 5 in Conjurations
   702 | D:2      | Found Zutuxkoi's Jewellery Shop.
   708 | D:2      | Reached XP level 3. HP: 19/19 MP: 8/10
  1222 | D:3      | Reached XP level 4. HP: 24/24 MP: 7/12
  1225 | D:3      | Reached skill level 6 in Conjurations
  1451 | D:2      | Found Xoolosaxt's Antique Armour Shop.
  1693 | D:2      | Found Tatheism's Distillery.
  1722 | D:2      | Reached XP level 5. HP: 21/28 MP: 9/14
  2008 | D:2      | Found Ogoraot's Weapon Shop.
  2184 | D:2      | Bought a polished cloak for 218 gold pieces
  2184 | D:2      | Identified the +0 cloak of the Armoured One {-Cast Rampage
                  | Will- Str+7} (You bought it in a shop on level 2 of the
                  | Dungeon)
  2450 | D:3      | Reached skill level 5 in Spellcasting
  3335 | D:4      | Found a staircase to the Ecumenical Temple.
  3631 | D:4      | Found a white marble altar of Elyvilon.
  3637 | D:4      | Reached skill level 7 in Conjurations
  3637 | D:4      | Reached XP level 6. HP: 21/32 MP: 10/16
  3740 | D:4      | Noticed Eustachio
  3758 | D:4      | Killed Eustachio
  4230 | D:2      | Bought an embroidered robe for 85 gold pieces
  4632 | D:5      | Entered Level 5 of the Dungeon
  4633 | D:5      | Noticed a water moccasin
  4638 | D:5      | Killed a water moccasin
  4639 | D:5      | Reached skill level 8 in Conjurations
  4639 | D:5      | Reached XP level 7. HP: 34/36 MP: 12/18
  4743 | D:5      | Found the +9 staff of Olgreb {rPois∞}
  4746 | D:5      | Found a runed translucent door.
  4751 | D:5      | Found a runed translucent gate.
  4751 | D:5      | Found a runed translucent gate.
  4752 | D:5      | Found a runed translucent door.
  4762 | D:5      | Found a runed translucent gate.
  4764 | D:5      | Noticed a redback
  4764 | D:5      | Noticed a redback
  4764 | D:5      | Noticed a redback
  4886 | D:5      | Reached skill level 9 in Conjurations
  5067 | D:5      | Reached XP level 8. HP: 34/41 MP: 10/21
  5264 | D:5      | Found a snail-covered altar of Cheibriados.
  5452 | D:5      | Noticed a troll
  6230 | D:5      | Learned a level 4 spell: Fulminant Prism
  6235 | D:5      | Learned a level 4 spell: Iskenderun's Mystic Blast
  6262 | D:5      | Reached skill level 1 in Hexes
  6375 | D:5      | Killed a troll
  6376 | D:5      | Reached skill level 5 in Hexes
  6457 | D:5      | Reached skill level 1 in Fighting
  6772 | D:6      | Noticed Pikel
  6780 | D:6      | Killed Pikel
  6781 | D:6      | Reached XP level 9. HP: 25/52 MP: 12/22
  6965 | D:6      | Reached skill level 5 in Fighting
  7308 | D:6      | Noticed Maggie
  7319 | D:6      | HP: 2/54 [Maggie/+2 war axe of flaming (12)]
  7319 | D:6      | Slain by Maggie

Illustrated notes

Levels and vault maps discovered:
D:1:      saegor_arrival_simple_c, layout_rooms, serial_shops, shop,
          kennysheep_nondescript, minmay_misc_feat_ornament
D:2:      layout_basic, serial_shops, nicolae_shop_tiny_statue_garden,
          nicolae_shop_scrapyard, shop, shop
D:3:      layout_loops_ring
D:4:      layout_rooms, elyvilon_altar_1, minmay_temple_entry_trees,
          uniq_eustachio
D:5:      minmay_chambers_of_threes, layout_loops_ring,
          mainiacjoe_overflow_small_starburst,
          minmay_guarded_unrand_staff_of_olgreb
D:6:      layout_loops_cross, uniq_maggie, uniq_sigmund, uniq_blork_the_orc,
          uniq_grinder, uniq_pikel

Skill      XL: |  1  2  3  4  5  6  7  8  9 |
---------------+----------------------------+-----
Conjurations   | 5 6 7 8 9 |  9.8
Spellcasting   | 4 5 6 7 |  7.9
Hexes          | 6 |  6.0
Fighting       | 4 5 |  5.2
Dodging        | |  2.4
Stealth        | |  2.4

Action                     |  1- 3 |  4- 6 |  7- 9 || total
---------------------------+-------+-------+-------++-------
  Melee: Unarmed           |     9 |       |       ||     9
         Dagger            |       |     5 |     2 ||     7
   Cast: Magic Dart        |    60 |    81 |    51 ||   192
         Searing Ray       |     2 |    13 |    37 ||    52
         Fulminant Prism   |       |       |     2 ||     2
    Use: Potion            |       |     1 |     1 ||     2
         Scroll            |       |     1 |     2 ||     3
   Stab: Sleeping          |       |       |     1 ||     1
 Armour: Robe              |     4 |     1 |     1 ||     6
         Troll leather arm |       |       |    10 ||    10
  Dodge: Dodged            |    17 |    15 |    31 ||    63
